 Dungeon Crawl Stone Soup version 0.30-a0-585-g93115170b9 (webtiles) character file.

Game seed: 7722357467680861669

1644 HoaS the Gouger (level 8, -17/43 HPs)
             Began as a Felid Berserker on Jan 2, 2023.
             Was a Priest of Trog.
             Demolished by a skeletal warrior
             ... wielding a +0 battleaxe
              (32 damage)
             ... on level 6 of the Dungeon.
             The game lasted 00:22:53 (6981 turns).

HoaS the Gouger (Felid Berserker)                   Turns: 6981, Time: 00:22:54

Health: -17/43     AC:  2    Str: 17    XL:     8   Next: 67%
Magic:  9/9        EV: 23    Int: 14    God:    Trog [***...]
Gold:   465        SH:  5    Dex: 16    Spells: 7/7 levels left
                                        Lives:  0   Deaths: 2

rFire   . . .      SeeInvis +      - Unarmed
rCold   . . .      Faith    .    (shield unavailable)
rNeg    . . .      Spirit   .    (body armour unavailable)
rPois   .          Reflect  +    (helmet unavailable)
rElec   .          Harm     .    (cloak unavailable)
rCorr   .          Rampage  .    (gloves unavailable)
Will    ++...                    (boots unavailable)
Stlth   +                        e - amulet of reflection
HPRegen 0.27/turn                f - +6 ring of intelligence
MPRegen 0.11/turn                o - ring of willpower

@: on berserk cooldown, slowed, studying Fighting, slow
A: very small, claws 1, fangs 3, see invisible, speed 1, shaggy fur 2, stealthy
paws, no weapons or thrown items, no armour, multi-lived
a: Renounce Religion, Berserk, Trog's Hand


You were on level 6 of the Dungeon.
You worshipped Trog.
Trog was most pleased with you.
You visited 1 branch of the dungeon, and saw 7 of its levels.

You collected 465 gold pieces.

Inventory:

Jewellery
 e - an amulet of reflection (around neck)
 f - a +6 ring of intelligence (left paw)
 n - a ring of fire
 o - a ring of willpower (right paw)
Wands
 k - a wand of roots (19)
 r - a wand of charming (8)
 s - a wand of light (11)
Scrolls
 a - a scroll of teleportation
 b - a scroll of fear
 t - a scroll of identify
Potions
 c - 3 potions of cancellation
 d - 2 potions of attraction
 g - 3 potions of flight
 h - 4 potions of curing
 i - 3 potions of invisibility
 j - a potion of haste
 l - a potion of magic {unknown}
 m - a potion of berserk rage {unknown}
 p - a potion of mutation {unknown}
 q - 2 potions of brilliance {unknown}


   Skills:
 + Level 9.7 Fighting
 + Level 9.6 Dodging
 * Level 10.0 Unarmed Combat


You had 7 spell levels left.
You didn't know any spells.
Your spell library was empty.

Dungeon Overview and Level Annotations

Branches:
Dungeon (7/15)             Temple (0/1) D:4

Altars:
Dithmenos
Elyvilon
Fedhas
Kikubaaqudgha
Qazlal
Xom
Yredelemnul
The Shining One

Shops:
D:5 (


Innate Abilities, Weirdness & Mutations

You have sharp claws.
You have razor-sharp teeth.
You have supernaturally acute eyesight. (SInv)
You cover ground quickly. (Speed+)
You are covered in thick fur. (AC +2)
Your paws help you pounce on unaware monsters.
You are incapable of wielding weapons or throwing items.
You cannot wear armour.
You gain extra lives every three experience levels.


Message History

HP restored.
There is a stone staircase leading down here.
You climb downwards.
Found 3 scrolls labelled MOPLUZX BOAKH.
There is a stone staircase leading up here.
A hornet and a skeletal warrior come into view.
The hornet buzzes angrily.
You hear a shout!
You hear a croak.
The hornet attacks as you move away! The hornet misses you.
The hornet barely misses you.
There is a stone staircase leading up here.
You block the hornet's attack.
You climb upwards.
There is a stone staircase leading down here.
A red film seems to cover your vision as you go berserk!
You feel yourself moving faster!
You feel mighty!
You can no longer call in reinforcements.
The hornet misses you. x2
You claw the hornet!
The hornet is heavily wounded.
You mangle the hornet!!
You kill the hornet!
Trog accepts your kill.
Your Unarmed Combat skill increases to level 10!
You feel a strong urge to attack something.
There is a stone staircase leading down here.
You climb downwards.
You feel your anger nearly subside.
The bullfrog gives a loud, deep croak!
You hear a shout!
The skeletal warrior hits you with a +0 battleaxe!
There is a stone staircase leading up, spattered with blood here.
You are no longer berserk.
You are exhausted.
You feel yourself slow down.
You climb upwards.
There is a stone staircase leading down here.
You scratch the skeletal warrior.
The skeletal warrior is lightly damaged.
The skeletal warrior hits you with a +0 battleaxe!! x2
Ouch! That really hurt!
You die...

#..#......##.#..)##........
#..#....<.##.#...##.#######
#..#......##.#...##.#
#..#......##.#...##.#
#..####'#.##....^...#
#.....#.#.##....###########
#..##.#....................
#.###.#.#.z...#############
#.....#...@......#
#######.##.#####.#
#........#.# ####.#...#.# #
##.#...#.# # #......#.# #
#......#.# # #......#.# #
#.....##.# #


You could see a skeletal warrior.

Vanquished Creatures
  Pikel (D:5)
  A hornet (D:6)
  A steam dragon (D:6)
  2 yaks
  The ghost of ma3 the Skirmisher, an amateur DEHs (D:5)
  A water moccasin (D:4)
  An ogre (D:5)
  A centaur (D:5)
  3 lemures (D:3)
  A phantom (D:5)
  A bullfrog (D:7)
  A necrophage (D:6)
  A scorpion (D:5)
  A wyvern skeleton (D:5)
  3 wights (D:4)
  3 vampire bats (D:7)
  2 howler monkeys
  A centaur zombie (D:4)
  A gnoll bouda (D:4)
  4 hounds
  A centaur skeleton (D:5)
  3 jellies
  A human zombie (D:4)
  Natasha (thrice) (D:4)
  An iguana (D:6)
  3 scorpion zombies (D:4)
  5 orc wizards
  A killer bee zombie (D:5)
  A mummy (D:4)
  8 adders
  8 gnolls
  A shadow imp (D:7)
  2 ufetubi
  3 adder zombies (D:4)
  2 worms
  A dart slug (D:2)
  21 orcs
  6 ball pythons
  2 bat skeletons (D:7)
  3 bat zombies (D:7)
  9 endoplasms
  4 goblins
  5 hobgoblins
  6 kobolds
  4 quokkas
  4 bats
  2 frilled lizards (D:1)
  6 rats
  A butterfly (D:6)
148 creatures vanquished.

Vanquished Creatures (others)
  11 fungi
  4 toadstools (D:2)
15 creatures vanquished.

Grand Total: 163 creatures vanquished

Notes
Turn   | Place    | Note
-------+----------+-------------------------------------------
     0 | D:1      | HoaS the Felid Berserker began the quest for the Orb.
     0 | D:1      | Reached XP level 1. HP: 10/10 MP: 2/2
   333 | D:1      | Reached XP level 2. HP: 14/14 MP: 3/3
  1075 | D:1      | Reached XP level 3. HP: 17/17 MP: 4/4
  1414 | D:2      | Reached skill level 4 in Unarmed Combat
  1823 | D:3      | Identified a scroll of acquirement
  1823 | D:3      | Acquired a manual of Fighting
  1931 | D:3      | Reached ** piety under Trog
  1932 | D:3      | Reached XP level 4. HP: 21/21 MP: 5/5
  1969 | D:3      | Found a faded altar of an unknown god.
  2189 | D:3      | Reached skill level 5 in Dodging
  2462 | D:3      | Slain by an orc
  2463 | D:3      | Reached XP level 3. HP: 0/18 MP: 4/4
  2579 | D:3      | Reached XP level 4. HP: 18/22 MP: 5/5
  2784 | D:4      | Noticed a lemure
  2784 | D:4      | Noticed a lemure
  2790 | D:4      | Noticed a lemure
  2863 | D:4      | Noticed Pikel
  2868 | D:5      | Entered Level 5 of the Dungeon
  2868 | D:5      | Noticed a centaur
  2868 | D:5      | Noticed a phantom
  2906 | D:3      | Killed a lemure
  3000 | D:4      | Identified the +6 falchion of Moz Sus {drain, rElec Int+4
                  | SInv}
  3051 | D:4      | Noticed a lemure
  3065 | D:3      | Killed a lemure
  3114 | D:3      | Killed a lemure
  3274 | D:4      | Reached XP level 5. HP: 11/25 MP: 6/6
  3345 | D:4      | Found a white marble altar of Elyvilon.
  3479 | D:4      | Reached skill level 5 in Unarmed Combat
  3523 | D:4      | Found a staircase to the Ecumenical Temple.
  3729 | D:4      | Noticed Natasha
  3740 | D:4      | Killed Natasha
  3740 | D:4      | Noticed a water moccasin
  3750 | D:4      | Killed a water moccasin
  3751 | D:4      | Reached skill level 5 in Fighting
  3751 | D:4      | Gained mutation: You are covered in thick fur. (AC +2)
                  | [Felid growth]
  3751 | D:4      | Reached XP level 6. HP: 19/30 MP: 7/7
  3752 | D:5      | Noticed ma3's ghost (amateur DEHs)
  3752 | D:5      | Found a runed translucent gate.
  3752 | D:5      | Found a runed translucent gate.
  3752 | D:5      | Found a runed translucent gate.
  3835 | D:5      | Found a blossoming altar of Fedhas.
  3951 | D:5      | Reached skill level 6 in Unarmed Combat
  3994 | D:5      | Reached XP level 7. HP: 17/34 MP: 8/8
  4100 | D:5      | Found a glowing golden altar of the Shining One.
  4341 | D:5      | Found Ivosu's Antique Weapon Shoppe.
  4354 | D:5      | Found a stormy altar of Qazlal.
  4698 | D:5      | Killed Pikel
  4699 | D:5      | Reached skill level 7 in Unarmed Combat
  4699 | D:5      | Reached XP level 8. HP: 40/40 MP: 9/9
  4788 | D:4      | Noticed Natasha
  4795 | D:4      | Killed Natasha
  4930 | D:4      | Reached *** piety under Trog
  4975 | D:4      | Found a shadowy altar of Dithmenos.
  5034 | D:4      | Noticed Natasha
  5043 | D:4      | Killed Natasha
  5122 | D:4      | Reached skill level 8 in Unarmed Combat
  5197 | D:4      | Found a basalt altar of Yredelemnul.
  5298 | D:5      | Killed ma3's ghost
  5660 | D:6      | Reached skill level 9 in Unarmed Combat
  5660 | D:6      | Reached XP level 9. HP: 45/45 MP: 10/10
  5739 | D:6      | Found a shimmering altar of Xom.
  6642 | D:7      | Found an ancient bone altar of Kikubaaqudgha.
  6651 | D:7      | Reached **** piety under Trog
  6789 | D:7      | Killed from afar by a white imp
  6790 | D:7      | Reached XP level 8. HP: -3/42 MP: 9/9
  6967 | D:7      | Noticed a hornet
  6967 | D:7      | Noticed a skeletal warrior
  6974 | D:6      | Killed a hornet
  6975 | D:6      | Reached skill level 10 in Unarmed Combat
  6981 | D:6      | Demolished by a skeletal warrior

Illustrated notes

Levels and vault maps discovered:
D:1:      wheals_arrival_shading, layout_basic
D:2:      layout_loops_cross, minmay_gold_behind_fungi
D:3:      layout_loops_cross, dreamdust_ecumenical_altar_grove
D:4:      layout_rooms, nicolae_dithmenos_the_darkroom,
          lemuel_mausoleum_altar_yredelemnul, elyvilon_altar_1,
          minmay_temple_entry_water_ring, uniq_pikel, uniq_natasha
D:5:      layout_rooms, fedhas_bush_and_centaur_altar, kennysheep_mini_moat,
          overflow_temple_1_default, gammafunk_ghost_necromancy, serial_shops,
          shop
D:6:      layout_basic, xom_butterflies
D:7:      layout_loops_ring, kennysheep_vampire_church, minmay_manual_macuahuitl

Skill      XL: |  1  2  3  4  5  6  7  8  9 |
---------------+----------------------------+-----
Unarmed Combat | 4 5 6 7 10 | 10.0
Dodging        | 5 6 7 8 9 |  9.6
Fighting       | 4 5 6 7 8 9 |  9.7

Action                   |  1- 3 |  4- 6 |  7- 9 || total
-------------------------+-------+-------+-------++-------
Melee: Unarmed           |   108 |   154 |   297 ||   559
       Bite              |    11 |    12 |    29 ||    52
       Punch             |     4 |     3 |    19 ||    26
Invok: Berserk           |     1 |     2 |     3 ||     6
       Trog's Hand       |       |       |     1 ||     1
  Use: Scroll            |     8 |     3 |     5 ||    16
 Stab: Sleeping          |     2 |     3 |     2 ||     7
       Distracted        |       |       |     1 ||     1
Armor: Skin              |     4 |     1 |     8 ||    13
Dodge: Dodged            |    67 |   109 |   177 ||   353
Block: Other             |       |    24 |    52 ||    76

Table legend: (Time is in decaauts)
 A = Elapsed time spent in this place.
 B = Non-inter-level travel time spent in this place.
 C = Inter-level travel time spent in this place.
 D = Time resting spent in this place.
 E = Time spent auto-exploring this place.
 F = Levels seen in this place.
 G = Mean time per level.
                   A        B        C        D        E       F      G
               +--------+--------+--------+--------+--------+-----+--------+
         Total |   6129 |   5866 |    263 |   1773 |   2498 |   7 |  875.6 |
       Dungeon |   6129 |   5866 |    263 |   1773 |   2498 |   7 |  875.6 |
               +--------+--------+--------+--------+--------+-----+--------+

Top non-repeatable levels by time:
     D:3: 1193 daAuts
     D:5: 1124 daAuts
     D:4: 947 daAuts
     D:6: 919 daAuts
     D:1: 853 daAuts
     D:2: 698 daAuts
     D:7: 392 daAuts
